 Dungeon Crawl Stone Soup version 0.19-a0-1007-g133f65f (webtiles) character file.

602 HAL9000 the Ruffian (level 7, 0/52 HPs)
             Began as a Black Draconian Transmuter on July 19, 2016.
             Killed by nerve-wracking pain
             ... invoked by an orc priest
              (13 damage)
             ... on level 4 of the Dungeon.
             The game lasted 00:05:49 (3452 turns).

HAL9000 the Ruffian (Black Draconian Transmuter)    Turns: 3452, Time: 00:05:50

Health: 0/52       AC:  2    Str: 14    XL:     7   Next: 18%
Magic:  8/10       EV: 19    Int: 13    God:
Gold:   54         SH:  0    Dex: 17    Spells: 3 memorised, 4 levels left

rFire  + . .     SeeInvis .       - Unarmed
rCold  . . .     Gourm    .     (armour unavailable)
rNeg   . . .     Faith    .     (shield currently unavailable)
rPois  x         Spirit   .     (helmet currently unavailable)
rElec  .         Dismiss  .     (cloak currently unavailable)
rCorr  .         Reflect  .     (gloves currently unavailable)
SustAt .         Harm     .     (boots currently unavailable)
MR     .....                    (no amulet)
Stlth  ++........               (no ring)
                                r - ring of protection from fire

@: spider-form (expiring), not resistant to hostile enchantments, unstealthy
A: (breathe lightning), unfitting armour, (electricity resistance),
(cold-blooded), AC +6
a: End Transformation


You were on level 4 of the Dungeon.
You were hungry.
You were a venomous arachnid creature.
You visited 1 branch of the dungeon, and saw 4 of its levels.

You collected 54 gold pieces.

Inventory:

Missiles
 a - 2 arrows
Armour
 p - a +0 hat (melded)
 q - a +0 cloak (melded)
Jewellery
 r - a ring of protection from fire (left front leg)
Wands
 s - a wand of random effects (31/48)
 u - a wand of flame (30/48)
Scrolls
 d - 2 scrolls of fear {unknown}
 e - 3 scrolls of remove curse {unknown}
 g - 2 scrolls of teleportation {unknown}
 j - a scroll of immolation {unknown}
 l - a scroll of identify {unknown}
 n - a scroll of blinking {unknown}
 o - 3 scrolls of random uselessness {unknown}
Potions
 f - a potion of curing {unknown}
 h - 2 potions of brilliance {unknown}
 i - 2 potions of heal wounds {unknown}
 m - a potion of berserk rage {unknown}
Books
 b - a book of Changes

   Spells                             Type                      Level
   a - Beastly Appendage              Transmutation                1
   b - Sticks to Snakes               Transmutation                2
   c - Spider Form                    Transmutation/Poison         3
   d - Ice Form                       Ice/Transmutation            4
   e - Blade Hands                    Transmutation                5
Comestibles
 c - 3 bread rations
 k - 2 beef jerkies


   Skills:
 - Level 1.1 Fighting
 - Level 1.7 Dodging
 + Level 6.2 Unarmed Combat
 - Level 2.0 Spellcasting
 + Level 5.8 Transmutations


You had 4 spell levels left.
You knew the following spells:

 Your Spells              Type           Power        Failure   Level  Hunger
a - Beastly Appendage     Tmut           ###...       10%         1    ##.....
b - Sticks to Snakes      Tmut           ###.....     14%         2    ###....
c - Spider Form           Tmut/Pois      #.........   50%         3    ####...


Dungeon Overview and Level Annotations

Branches:
Dungeon (4/15)
 Temple: D:4-7

Altars:
Ashenzari
Zin

Annotations:
D:4 Eustachio


Innate Abilities, Weirdness & Mutations

((You can breathe wild blasts of lightning.))
((Your glossy black scales are hard. (AC +6)))
Your body does not fit into most forms of armour.
((You are resistant to electric shocks. (rElec)))
((You are cold-blooded and may be slowed by cold attacks.))


Message History

You hit the orc.
The orc is poisoned.
The orc is almost dead.
You kill the orc!
Unknown command.
You hit the orc.
The orc is poisoned.
The orc is moderately wounded.
The orc hits you but does no damage.
You hit the orc.
You kill the orc!
You bite the orc priest!
The orc priest is heavily wounded.
The orc priest completely misses you.
You hit the orc priest.
The orc priest is severely wounded.
The orc priest completely misses you.
You barely miss the orc priest.
The orc priest is severely wounded.
The orc priest mumbles some strange prayers to Beogh against you.
Pain shoots through your body!
You die...

.# .# ### .#
..# .# #.# .#
... .#
#.##### .# #.
#..... .#
#...####..#
.#
#....os...#
.#
#....####.#
.# #... #.#
.# ##. #.# .#
.. #.# .# ##
#.# .# #.# ##
###########.#
#...........#


You could see an orc priest.

Vanquished Creatures
  The ghost of Xiguana the Skirmisher, an amateur MiBe of Trog (D:3)
  Sigmund (D:3)
  Crazy Yiuf (D:3)
  Natasha (thrice) (D:3)
  5 adders
  2 oozes
  A worm (D:2)
  2 giant geckos
  5 orcs
  2 giant cockroaches
  3 goblins
  2 hobgoblins (D:2)
  4 jackals
  A quokka (D:4)
  3 ball pythons
  3 bats
  3 giant newts
  5 kobolds
  A quokka skeleton (D:4)
  7 rats
55 creatures vanquished.

Vanquished Creatures (collateral kills)
  An ogre (D:4)
1 creature vanquished.

Grand Total: 56 creatures vanquished

Notes
Turn   | Place    | Note
-------+----------+-------------------------------------------
     0 | D:1      | HAL9000 the Draconian Transmuter began the quest for the Orb.
     0 | D:1      | Reached XP level 1. HP: 16/16 MP: 3/3
   898 | D:2      | Reached XP level 2. HP: 18/23 MP: 3/5
   904 | D:2      | Learned a level 2 spell: Sticks to Snakes
  1082 | D:2      | Reached XP level 3. HP: 28/28 MP: 4/6
  1125 | D:2      | Learned a level 3 spell: Spider Form
  1632 | D:3      | Reached skill level 4 in Unarmed Combat
  1667 | D:3      | Found a runed door.
  1673 | D:3      | Noticed Crazy Yiuf
  1680 | D:3      | Killed Crazy Yiuf
  1680 | D:3      | Reached XP level 4. HP: 12/35 MP: 0/7
  1885 | D:3      | Found a shattered altar of Ashenzari.
  2024 | D:3      | Noticed Natasha
  2036 | D:3      | Killed Natasha
  2329 | D:3      | Noticed Sigmund
  2425 | D:3      | Noticed Natasha
  2436 | D:3      | Killed Natasha
  2436 | D:3      | Reached XP level 5. HP: 32/40 MP: 0/8
  2514 | D:3      | Killed Sigmund
  2514 | D:3      | Reached skill level 5 in Unarmed Combat
  2514 | D:3      | Reached XP level 6. HP: 46/47 MP: 3/9
  2596 | D:3      | Found a glowing silver altar of Zin.
  2797 | D:3      | Noticed Xiguana's ghost (amateur MiBe)
  2823 | D:3      | Killed Xiguana's ghost
  2823 | D:3      | Reached skill level 5 in Transmutations
  3144 | D:4      | Noticed Eustachio
  3163 | D:3      | Noticed Natasha
  3171 | D:3      | Killed Natasha
  3171 | D:3      | Reached skill level 6 in Unarmed Combat
  3171 | D:3      | Your scales start taking on a glossy black colour.
  3171 | D:3      | Reached XP level 7. HP: 44/52 MP: 6/10
  3171 | D:3      | Gained mutation: You are resistant to electric shocks. (rElec) [Black Draconian growth]
  3452 | D:4      | Killed from afar by an orc priest

Vault maps used:
D:1:      onia_arrival_mini_spirals
D:3:      cheibrodos_ashenzari_chains, lemuel_round_altar, uniq_sigmund,
          uniq_natasha, uniq_crazy_yiuf_cottage
D:4:      serial_shops, shop_statue, uniq_eustachio

Skill      XL: |  1  2  3  4  5  6 |
---------------+-------------------+-----
Transmutations | 3 4 5 |  5.8
Unarmed Combat | 4 5 6 |  6.2
Fighting       | |  1.1
Dodging        | |  1.7
Spellcasting   | |  2.0

Action                   |  1- 3 |  4- 6 |  7- 9 || total
-------------------------+-------+-------+-------++-------
Melee: Unarmed           |    97 |    87 |    27 ||   211
       Tailslap          |     3 |     4 |     1 ||     8
       Headbutt          |     4 |     4 |       ||     8
       Kick              |     5 |     7 |       ||    12
 Cast: Beastly Appendage |    18 |    13 |     1 ||    32
       Sticks to Snakes  |     1 |     7 |     2 ||    10
       Spider Form       |     1 |     3 |     2 ||     6
 Stab: Sleeping          |     1 |       |     1 ||     2
       Distracted        |       |     2 |       ||     2
  Eat: Chunk             |     2 |     7 |     1 ||    10
Armor: Skin              |    17 |    20 |     7 ||    44
Dodge: Dodged            |    64 |    59 |    10 ||   133
